 Dungeon Crawl Stone Soup version 0.17.0-28-g6e173f8 (webtiles) character file.

67 PossumBlood the Magician (level 4, -1/27 HPs)
             Began as an Octopode Wizard on Dec 2, 2015.
             Slain by an ogre
             ... wielding a +0 giant club
              (28 damage)
             ... on level 4 of the Dungeon.
             The game lasted 00:10:06 (3435 turns).

PossumBlood the Magician (Octopode Wizard)          Turns: 3435, Time: 00:10:06

Health: -1/27      AC:  1    Str:  6    XL:     4   Next: 18%
Magic:  1/9        EV: 12    Int: 21    God:
Gold:   63         SH:  0    Dex: 10    Spells: 1 memorised, 9 levels left

rFire  . . .     SeeInvis .     e - +0 dagger (venom)
rCold  . . .     Clarity  .     (no shield)
rNeg   . . .     SustAt   .     a - +0 hat
rPois  .         Gourm    .     (no amulet)
rElec  .         Spirit   .     (no ring)
rCorr  .         Warding  .     (no ring)
rMut   .         Stasis   .     (no ring)
MR     .....                    (no ring)
Stlth  +++.......               (no ring)
                                (no ring)
                                (no ring)
                                (no ring)

@: not resistant to hostile enchantments, fairly stealthy
A: almost no armour, amphibious, 8 rings, constrict 8, camouflage 1, gelatinous
body 1
a: no special abilities


You were on level 4 of the Dungeon.
You were not hungry.

You visited 1 branch of the dungeon, and saw 4 of its levels.

You collected 63 gold pieces.

Inventory:

Hand Weapons
 e - a +0 dagger of venom (weapon)
Armour
 a - a +0 hat (worn)
Jewellery
 f - an uncursed amulet of guardian spirit {unknown}
 o - a cursed amulet of regeneration
Scrolls
 d - 4 scrolls of identify
 g - a scroll of remove curse
 n - a scroll of recharging
Potions
 c - 2 potions of agility {unknown}
 i - a potion of haste
Books
 b - a book of Minor Magic

   Spells                             Type                      Level
   a - Magic Dart                     Conjuration                  1
   b - Blink                          Translocation                2
   c - Call Imp                       Summoning                    2
   d - Repel Missiles                 Charms/Air                   2
   e - Slow                           Hexes                        2
   f - Conjure Flame                  Conjuration/Fire             3
   g - Mephitic Cloud                 Conjuration/Poison/Air       3
 h - a book of Dreams

   Spells                             Type                      Level
   a - Ensorcelled Hibernation        Hexes/Ice                    2
   b - Phase Shift                    Translocation                5
   c - Shadow Creatures               Summoning                    5
   d - Silence                        Hexes/Air                    5
   e - Darkness                       Hexes                        6
   f - Mass Confusion                 Hexes                        6
Comestibles
 k - a bread ration
 l - a slice of pizza


   Skills:
 + Level 2.5 Dodging
 + Level 3.4 Stealth
 + Level 3.5 Spellcasting
 * Level 2.3 Conjurations
   Level 1.0 Summonings
   Level 1.0 Translocations


You had 9 spell levels left.
You knew the following spells:

 Your Spells              Type           Power        Failure   Level  Hunger
a - Magic Dart            Conj           ##..         6%          1    None


Dungeon Overview and Level Annotations

Branches:
Dungeon (4/15)
 Temple: D:4-7

Altars:
Yredelemnul


Innate Abilities, Weirdness & Mutations

You cannot wear most types of armour.
You are amphibious.
You can wear up to eight rings at the same time.
You can use your tentacles to constrict eight enemies at once.
Your skin changes colour to match your surroundings (Stealth).
Your rubbery body absorbs attacks (AC +1).


Message History

The ogre is severely wounded.
The ogre barely misses you.
Casting: Magic Dart
Confirm with . or Enter, or press ? or * to list all spells.
Aiming: Magic Dart
Press: ? - help, Shift-Dir - straight line, f/p - ogre
Aim: an ogre, wielding a giant club (heavily wounded)
The magic dart hits the ogre.
The ogre is severely wounded.
The ogre closely misses you.
Casting: Magic Dart
Confirm with . or Enter, or press ? or * to list all spells.
Aiming: Magic Dart
Press: ? - help, Shift-Dir - straight line, f/p - ogre
Aim: an ogre, wielding a giant club (severely wounded)
The magic dart hits the ogre.
The ogre is almost dead.
The ogre hits you with a giant club!!
Ouch! That really hurt!
You die...

##########
.####........#
.$..w.O@..##.#
.####.###..#.### #
##......# #.......#
##....#.########
#.###..#...........
#........#.########
#####..###.#
#..###.#


You could see an ogre and a worm.

Vanquished Creatures
  3 adders
  A worm (D:2)
  2 giant geckos
  An orc (D:3)
  A giant cockroach (D:4)
  7 goblins
  2 hobgoblins
  A quokka (D:2)
  A ball python (D:4)
  8 bats
  6 kobolds
  6 rats
39 creatures vanquished.

Notes
Turn   | Place    | Note
--------------------------------------------------------------
     0 | D:1      | PossumBlood the Octopode Wizard began the quest for the Orb.
     0 | D:1      | Reached XP level 1. HP: 11/11 MP: 4/4
   301 | D:1      | Reached XP level 2. HP: 7/17 MP: 0/6
  1226 | D:2      | You fall through a shaft!
  1583 | D:2      | Reached XP level 3. HP: 9/21 MP: 1/7
  2942 | D:3      | Found a basalt altar of Yredelemnul.
  3142 | D:4      | Reached XP level 4. HP: 18/27 MP: 1/9
  3426 | D:4      | Noticed an ogre
  3435 | D:4      | Slain by an ogre

Action                   |  1- 3 |  4- 6 || total
-------------------------+-------+-------++-------
Melee: Unarmed           |     6 |       ||     6
       Dagger            |     9 |       ||     9
 Cast: Magic Dart        |    96 |    13 ||   109
  Use: Scroll            |     4 |       ||     4
       Potion            |     3 |       ||     3
 Stab: Distracted        |     1 |       ||     1
  Eat: Bread ration      |     1 |     1 ||     2
       Royal jelly       |     1 |       ||     1
       Fruit             |     1 |       ||     1
